Map: Dusk Towers

Players

Miszu - Winner!

  • Race: Terran Terran
  • League: Master

IlIlIIlIIlIl

  • Race: Terran Terran
  • League: Master

VOD

Have the link to the VOD?

Description

Time

  • Played on: March 10, 2016, 4:21 p.m.
  • Length: 13:24
Show
View Real Time Build Order
Export as new Build Order

Miszu Terran - Winner!

Build Orders: 1/1/1, Liberator Opening, Bio Tank 

Get SALT Encoding   

  12  0:06  SCV  
  13  0:18  SCV  
  13  0:19  Supply Depot  
  14  0:30  SCV  
  14  0:34  Refinery  
  16  0:42  SCV  
  16  0:45  Barracks  
  16  0:55  SCV  
  17  1:01  Refinery  
  17  1:07  SCV  
  18  1:19  SCV  
  20  1:33  Factory, Orbital Command  
  19  1:40  Supply Depot  
  19  1:44  Reaper  
  20  1:58  SCV  
  21  2:10  SCV  
  22  2:16  Reaper  
  22  2:17  Hellion  
  22  2:20  Starport  
  25  2:23  SCV  
  25  2:26  Supply Depot  
  26  2:35  SCV  
  27  2:40  Liberator  
  27  2:44  Hellion  
  29  2:48  SCV  
  29  2:49  Reaper  
  31  2:55  Supply Depot  
  34  3:02  SCV  
  35  3:16  SCV  
  36  3:26  Command Center  
  36  3:41  SCV  
  34  3:51  Barracks Reactor  
  34  3:53  Command Center  
  34  3:54  Factory Tech Lab  
  34  3:56  SCV  
  34  3:59  Starport Reactor  
  35  4:09  SCV  
  36  4:23  SCV  
  35  4:26  Siege Tank  
  38  4:31  Barracks  
  38  4:34  Barracks  
  38  4:35  SCV  
  39  4:40  Orbital Command  
  39  4:47  Marine x2  
  39  4:48  SCV  
  42  5:00  SCV  
  42  5:01  Siege Tank  
  42  5:05  Orbital Command  
  42  5:06  SCV  
  47  5:09  Marine  
  47  5:12  SCV  
  49  5:18  SCV  
  49  5:19  Barracks Tech Lab  
  50  5:24  SCV  
  50  5:26  Barracks Tech Lab  
  52  5:30  SCV  
  52  5:31  Supply Depot, Engineering Bay  
  52  5:32  SCV  
  52  5:34  Engineering Bay  
  54  5:36  SCV  
  54  5:37  Refinery  
  54  5:40  Refinery  
  54  5:41  Stimpack  
  54  5:42  SCV  
  50  5:47  Marine x2, Orbital Command  
  50  5:48  Combat Shields  
  52  5:50  Medivac  
  52  5:51  Medivac  
  52  5:52  SCV  
  52  5:56  SCV  
  58  6:03  Terran Infantry Weapons Level 1, Terran Infantry Armor Level 1, Marine  
  58  6:04  Marine  
  59  6:05  Marine  
  59  6:11  SCV x2  
  62  6:12  SCV  
  62  6:16  Barracks  
  64  6:20  Barracks  
  64  6:22  Marine x3  
  64  6:23  SCV x2  
  69  6:27  Siege Tank  
  69  6:31  SCV  
  73  6:34  Supply Depot  
  73  6:35  SCV x2  
  75  6:41  Marine x2  
  75  6:42  Marine  
  75  6:43  Supply Depot, Marine, SCV  
  75  6:45  Medivac  
  82  6:49  SCV x2  
  82  6:52  Armory  
  84  6:55  SCV  
  84  6:57  Supply Depot  
  84  7:01  Marine, SCV x2  
  88  7:04  Siege Tank  
  88  7:05  Barracks Reactor  
  88  7:06  Barracks Reactor  
  88  7:07  SCV  
  92  7:10  Supply Depot  
  92  7:13  SCV x2  
  92  7:15  Marine  
  95  7:16  Marine x2  
  95  7:17  Medivac  
  95  7:21  Medivac  
  95  7:22  SCV  
  101  7:25  Supply Depot, SCV x2  
  103  7:30  Sensor Tower  
  103  7:33  Refinery x2  
  103  7:34  SCV  
  103  7:35  Marine  
  103  7:36  Supply Depot  
  105  7:37  SCV  
  105  7:40  SCV  
  105  7:41  Terran Vehicle Weapons Level 1  
  105  7:42  Marine  
  111  7:47  SCV  
  111  7:49  Supply Depot  
  112  7:58  Missile Turret  
  112  7:59  Marine x4, Sensor Tower  
  112  8:01  Missile Turret  
  112  8:03  Marine  
  112  8:05  SCV x2  
  123  8:12  Terran Infantry Armor Level 2, Terran Infantry Weapons Level 2  
  116  8:13  Marine x2  
  116  8:14  Marine, Siege Tank  
  116  8:17  Marine, Medivac  
  125  8:21  Supply Depot  
  125  8:23  Supply Depot  
  125  8:28  Marine x2  
  125  8:29  Factory, Marine  
  125  8:30  Marine  
  125  8:31  Marine x2, Medivac  
  133  8:40  Marine  
  133  8:41  Marine  
  135  8:46  Marine x3  
  138  8:48  Marine  
  138  8:49  Marine x2  
  143  8:55  Siege Tank  
  143  8:58  Marine x2, Medivac  
  147  9:04  Marine x3  
  147  9:06  Marine  
  147  9:07  Marine x2  
  153  9:11  Supply Depot  
  153  9:12  Supply Depot  
  153  9:13  Command Center  
  153  9:16  Marine x2  
  152  9:18  Supply Depot  
  152  9:22  Marine x3  
  152  9:23  Factory Tech Lab  
  155  9:24  Marine x2  
  155  9:28  Marine  
  157  9:33  Marine, Medivac, Siege Tank  
  152  9:39  Marine  
  152  9:40  Marine x3  
  152  9:42  Marine x2  
  130  9:46  Marine  
  130  9:47  Siege Tank  
  130  9:51  Marine  
  130  9:57  Marine x2  
  130  9:58  Marine x2  
  130  9:59  Marine, Medivac  
  136  10:00  Marine  
  136  10:04  Marine  
  136  10:05  Supply Depot x2, Siege Tank  
  142  10:09  Marine  
  143  10:15  Marine x4  
  143  10:17  Marine  
  143  10:18  Marine  
  143  10:19  Siege Tank  
  151  10:22  Marine  
  151  10:27  Marine  
  141  10:36  Marine  
  141  10:37  Siege Tank  
  141  10:42  Marine x6  
  146  10:43  Medivac x2  
  146  10:45  Marine  
  155  10:51  Siege Tank  
  155  10:52  Sensor Tower  
  155  10:54  Marine  
  155  10:55  SCV, Planetary Fortress  
  160  11:00  Marine x6  
  160  11:03  Marine  
  167  11:09  Siege Tank  
  160  11:11  Marine  
  160  11:17  Marine  
  160  11:18  Marine x3  
  160  11:20  Barracks Reactor, Marine  
  164  11:27  Medivac, Siege Tank  
  164  11:28  Medivac, Missile Turret  
  164  11:29  Marine  
  164  11:30  Barracks Reactor, Missile Turret  
  172  11:36  Marine  
  174  11:41  Siege Tank  
  176  11:51  Barracks  
  176  11:52  Barracks x2  
  176  11:56  Marine  
  176  11:57  Marine x5  
  178  12:06  Marine  
  177  12:14  Marine  
  177  12:15  Marine x5  
  157  12:24  Marine  
  151  12:32  Marine x3  
  151  12:33  Marine x3  
  152  12:42  Marine  
  141  12:50  Marine x6  
  131  13:00  Marine  
Show
View Real Time Build Order
Export as new Build Order

IlIlIIlIIlIl Terran 

Build Orders: MMM Bio 

Get SALT Encoding   

  12  0:00  SCV  
  13  0:13  SCV  
  14  0:17  Supply Depot  
  14  0:25  SCV  
  15  0:39  Barracks, SCV  
  16  0:44  Refinery  
  16  0:51  SCV  
  17  1:03  SCV  
  18  1:15  SCV  
  19  1:27  Orbital Command  
  19  1:45  Barracks Reactor  
  19  1:47  Refinery  
  19  1:51  Command Center  
  19  1:54  SCV  
  20  2:02  Supply Depot  
  20  2:06  SCV  
  21  2:14  Factory  
  21  2:19  SCV  
  22  2:23  Marine  
  22  2:24  Marine  
  24  2:31  SCV  
  24  2:36  Supply Depot  
  25  2:41  Marine  
  25  2:42  Marine  
  25  2:43  SCV  
  28  2:55  SCV  
  28  2:57  Factory Tech Lab  
  29  2:59  Starport  
  29  3:04  Marine x2  
  31  3:17  Cyclone  
  34  3:21  Marine  
  34  3:24  Orbital Command  
  35  3:28  Marine  
  35  3:40  Marine  
  35  3:43  Viking  
  35  3:46  Marine, SCV  
  39  3:54  Siege Tank  
  42  3:58  SCV  
  42  4:01  SCV  
  39  4:25  Marine x2  
  39  4:27  Viking  
  39  4:28  SCV x2  
  45  4:42  SCV x2  
  47  4:49  Command Center  
  47  4:54  SCV x2  
  47  4:58  Factory Reactor  
  49  5:02  Starport Reactor, Stimpack  
  49  5:06  SCV x2  
  51  5:16  Barracks  
  51  5:18  Barracks, SCV x2  
  53  5:21  Refinery  
  53  5:22  Marine, Refinery  
  54  5:31  Supply Depot  
  54  5:36  Supply Depot  
  54  5:51  Starport Reactor, Barracks  
  54  5:53  Barracks, SCV x2  
  56  6:02  Factory Tech Lab  
  56  6:03  Orbital Command  
  56  6:05  SCV x2  
  58  6:12  Marine  
  58  6:13  Marine x4  
  58  6:17  SCV x2  
  65  6:26  Engineering Bay x2  
  65  6:30  Marine  
  66  6:33  Marine  
  66  6:36  Siege Tank, SCV x2  
  66  6:38  SCV  
  73  6:40  Marine  
  73  6:41  Barracks Reactor  
  73  6:46  Marine x2  
  76  6:48  SCV x2  
  76  6:50  SCV  
  76  6:52  Supply Depot  
  79  6:54  Supply Depot  
  79  6:59  Terran Infantry Weapons Level 1  
  79  7:01  Terran Infantry Armor Level 1  
  79  7:03  Combat Shields  
  79  7:07  Marine x4  
  83  7:18  Orbital Command  
  83  7:23  Medivac x2  
  83  7:28  Marine, Siege Tank  
  83  7:29  Marine x7  
  98  7:32  SCV x2  
  100  7:39  Marine  
  101  7:46  Sensor Tower  
  101  7:49  Supply Depot x2  
  101  7:50  Marine x2, SCV x2  
  101  7:51  SCV  
  106  7:55  Missile Turret  
  106  7:58  Medivac  
  106  8:05  Armory  
  108  8:07  Supply Depot, SCV  
  108  8:08  SCV  
  108  8:10  Medivac  
  108  8:11  SCV  
  112  8:15  Marine  
  112  8:16  Marine x3  
  112  8:19  SCV  
  117  8:20  SCV  
  117  8:21  Marine x2  
  117  8:22  Marine  
  117  8:23  SCV  
  117  8:25  Siege Tank  
  125  8:30  Marine  
  126  8:39  SCV x3  
  128  8:48  Marine, Medivac x2  
  132  8:53  Refinery x2  
  133  9:08  Terran Infantry Armor Level 2, Terran Infantry Weapons Level 2  
  133  9:10  Terran Vehicle Weapons Level 1  
  133  9:26  Supply Depot  
  133  9:27  Supply Depot  
  133  9:30  Supply Depot  
  133  9:34  Marine x3, SCV x2  
  133  9:37  Marine  
  133  9:38  Marine  
  133  9:39  Marine, SCV  
  133  9:40  Siege Tank  
  133  9:44  Marine  
  116  9:46  Marine, SCV x2  
  116  9:48  Medivac x2  
  116  9:51  SCV  
  124  9:53  Marine x4  
  124  9:55  Marine  
  124  9:56  Marine  
  124  9:57  Marine  
  124  9:58  SCV x2  
  133  10:01  Marine  
  133  10:03  SCV  
  133  10:04  Marine  
  133  10:06  Barracks x2  
  136  10:08  Factory, Barracks  
  136  10:11  Marine x4  
  136  10:12  Siege Tank  
  136  10:13  Marine  
  144  10:15  SCV  
  144  10:18  Marine  
  144  10:21  Marine  
  147  10:23  Marine x2  
  147  10:26  Medivac x2  
  153  10:34  Marine  
  154  10:42  Marine  
  154  10:43  Marine x2  
  157  11:03  Marine  
  157  11:04  Medivac  
  157  11:05  Marine x3  
  157  11:06  Marine x5, Medivac  
  157  11:07  Siege Tank  
  135  11:16  Barracks Reactor  
  135  11:17  Barracks Reactor x2, Factory Tech Lab  
  123  11:21  Marine  
  123  11:22  Command Center  
  123  11:23  Marine x6  
  123  11:24  Marine x2  
  132  11:34  Medivac  
  132  11:36  Siege Tank  
  132  11:39  Marine, Siege Tank  
  141  11:41  Marine x7  
  141  11:42  Marine  
  148  11:55  Marine x5  
  148  11:57  Marine x2  
  148  11:58  Marine  
  148  11:59  Marine  
  157  12:05  Marine x2  
  157  12:07  Marine  
  157  12:08  Marine x2  
  157  12:09  Marine  
  157  12:12  Marine  
  157  12:13  Marine  
  157  12:15  Marine  
  128  12:16  Marine  
  128  12:17  Marine  
  108  12:23  Marine x2  
  108  12:25  Marine  
  108  12:26  Marine  
  108  12:29  Marine  
  102  12:34  Siege Tank  
  93  12:38  Marine x2, Siege Tank  
  93  12:39  Marine  
  93  12:41  Marine  
  93  12:43  Marine  
  70  12:56  Marine  
Tags
 
Add a new tag
Caveats
  • Supply blocks, unpowered buildings, or Contaminate may cause inaccurate times.
  • Supply counts are checked every 10 seconds.